 Dungeon Crawl Stone Soup version 0.19-a0-36-g4a0968a (webtiles) character file.

26 M4edhros the Grave Robber (level 3, 0/21 HPs)
             Began as an Octopode Necromancer on May 3, 2016.
             Succumbed to a scorpion's poison
             ... on level 4 of the Dungeon.
             The game lasted 00:02:01 (392 turns).

M4edhros the Grave Robber (Octopode Necromancer)     Turns: 392, Time: 00:02:01

Health: 0/21       AC:  1    Str:  7    XL:     3   Next: 8%
Magic:  3/6        EV: 12    Int: 17    God:
Gold:   40         SH:  0    Dex: 13    Spells: 3 memorised, 1 level left

rFire  . . .     SeeInvis .       - Unarmed
rCold  . . .     Gourm    .     (no shield)
rNeg   . . .     Faith    .     (helmet restricted)
rPois  .         Spirit   .     (no amulet)
rElec  .         Dismiss  .     (no ring)
rCorr  .         Reflect  .     (no ring)
SustAt .         Harm     .     (no ring)
MR     .....                    (no ring)
Stlth  +++.......               (no ring)
                                (no ring)
                                (no ring)
                                (no ring)

@: lethally poisoned (0 -> -6), not resistant to hostile enchantments, fairly
stealthy
A: almost no armour, amphibious, 8 rings, constrict 8, camouflage 1, gelatinous
body 1
a: no special abilities


You were on level 4 of the Dungeon.
You were not hungry.

You visited 1 branch of the dungeon, and saw 4 of its levels.

You collected 40 gold pieces.

Inventory:

Scrolls
 d - a scroll of teleportation {unknown}
 f - 2 scrolls of random uselessness {unknown}
 g - a scroll of amnesia {unknown}
 h - a scroll of remove curse {unknown}
 j - a scroll of identify {unknown}
Books
 a - a book of Necromancy

   Spells                             Type                      Level
   a - Pain                           Necromancy                   1
   b - Animate Skeleton               Necromancy                   1
   c - Vampiric Draining              Necromancy                   3
   d - Regeneration                   Charms/Necromancy            3
   e - Animate Dead                   Necromancy                   4
   f - Control Undead                 Necromancy                   4
Comestibles
 b - a bread ration
 i - a meat ration


   Skills:
 - Level 2.0 Dodging
 - Level 2.6 Stealth
 + Level 2.6 Unarmed Combat
 - Level 2.0 Spellcasting
 - Level 4.0 Necromancy


You had one spell level left.
You knew the following spells:

 Your Spells              Type           Power        Failure   Level  Hunger
a - Pain                  Necr           ###.         3%          1    #......
b - Animate Skeleton      Necr           N/A          3%          1    #......
r - Regeneration          Chrm/Necr      #.........   24%         3    ###....


Dungeon Overview and Level Annotations

Branches:
Dungeon (4/15)
 Temple: D:4-7

Altars:


Innate Abilities, Weirdness & Mutations

You cannot wear most types of armour.
You are amphibious.
You can wear up to eight rings at the same time.
You can use your tentacles to constrict eight enemies at once.
Your skin changes colour to match your surroundings (Stealth).
Your rubbery body absorbs attacks (AC +1).


Message History

The scorpion stings you!
* * * LOW HITPOINT WARNING * * *
You are more poisoned.
The scorpion poisons you!
You feel sick.
You feel sick.
You feel sick.
You feel sick.
All of the chunks of flesh in your inventory have rotted away.
Your skin stops crawling.
* * * LOW HITPOINT WARNING * * *
You feel sick.
* * * LOW HITPOINT WARNING * * *
You feel sick.
* * * LOW HITPOINT WARNING * * *
You feel sick.
* * * LOW HITPOINT WARNING * * *
You feel sick.
Found a bread ration.
You die...

... ..## #. ...
##.# ..# #...
..####. #..#
###...!... #..#
#......)..
#..####.#.####..
#.....@...#
#...###.###
##...###s####
#...<.......#
#.##.###.......%
#.##.# #..#.##..
##.##.# #..#.#
#...#.###..# #
#...........


You could see a scorpion.

Vanquished Creatures
  An adder (D:4)
  A dart slug (D:4)
  A giant gecko (D:1)
  2 giant cockroaches (D:1)
  A goblin (D:1)
  2 jackals (D:1)
  2 bats (D:1)
  3 giant newts (D:1)
13 creatures vanquished.

Vanquished Creatures (collateral kills)
  A ball python (D:1)
  A hobgoblin (D:1)
2 creatures vanquished.

Grand Total: 15 creatures vanquished

Notes
Turn   | Place    | Note
--------------------------------------------------------------
     0 | D:1      | M4edhros the Octopode Necromancer began the quest for the Orb.
     0 | D:1      | Reached XP level 1. HP: 11/11 MP: 3/3
    17 | D:1      | Learned a level 1 spell: Animate Skeleton
    57 | D:1      | Reached skill level 1 in Unarmed Combat
    90 | D:1      | Reached XP level 2. HP: 8/17 MP: 5/5
   356 | D:4      | Reached XP level 3. HP: 13/21 MP: 6/6
   361 | D:4      | Learned a level 3 spell: Regeneration
   372 | D:4      | Noticed a scorpion
   390 | D:4      | HP: 1/21 [poisoned by a scorpion]
   392 | D:4      | Succumbed to a scorpion's poison

Vault maps used:
D:1:      lightli_iron_boxes
D:3:      makhleb_grotto_becter, st_stairs_3, nemelex_lonely_heart_becter,
          uniq_terence
D:4:      nicolae_overflow_hidden_temple, portal_sewer_entry_e,
          minmay_misc_feat_five

Skill      XL: |  1  2 |
---------------+-------+-----
Unarmed Combat | 1 2 |  2.6
Dodging        | |  2.0
Stealth        | |  2.6
Spellcasting   | |  2.0
Necromancy     | |  4.0

Action                   || total
-------------------------++-------
Melee: Unarmed           ||    39
       Constrict         ||    11
       Tentacles         ||     6
       Punch             ||     1
 Cast: Animate Skeleton  ||     7
       Regeneration      ||     2
  Use: Potion            ||     1
 Stab: Sleeping          ||     6
Armor: Skin              ||     3
Dodge: Dodged            ||    19
